 Dungeon Crawl Stone Soup version 0.26.1-2-gb8aa6d0cf2 (webtiles) character file.

Game seed: 2136312238227687512

681 Gadfly the Cutter (level 7, -2/46 HPs)
             Began as a Halfling Fighter on Feb 14, 2021.
             Was an Initiate of Okawaru.
             Killed by nerve-wracking pain
             ... invoked by a shadow imp
              (10 damage)
             ... on level 5 of the Dungeon.
             The game lasted 00:06:25 (4656 turns).

Gadfly the Cutter (Halfling Fighter)                Turns: 4656, Time: 00:06:26

Health: -2/46      AC: 11    Str: 19    XL:     7   Next: 92%
Magic:  9/9        EV: 11    Int:  6    God:    Okawaru [......]
Gold:   21         SH:  6    Dex: 14    Spells: 6/6 levels left

rFire    . . .     SeeInvis .   b - +2 short sword (freeze)
rCold    . . .     Faith    .   n - +0 buckler
rNeg     . . .     Spirit   .   g - +0 scale mail
rPois    +         Reflect  .   k - +0 helmet
rElec    .         Harm     .   (no cloak)
rCorr    +         Rampage  +   (no gloves)
Will     .....                  q - +2 pair of boots {rampage}
Stlth    ..........             (no amulet)
HPRegen  0.15/turn              h - ring of poison resistance
MPRegen  0.11/turn              m - ring of resist corrosion

@: lethally poisoned (-2 -> -5)
A: small, mutation resistance 1
a: Renounce Religion


You were on level 5 of the Dungeon.
You worshipped Okawaru.
Okawaru was noncommittal.
You visited 2 branches of the dungeon, and saw 6 of its levels.
You also visited: Sewer.

You collected 186 gold pieces.
You spent 165 gold pieces at shops.

Inventory:

Hand Weapons
 a - a +0 rapier
 b - a +2 short sword of freezing (weapon)
Missiles
 e - 89 stones (quivered)
Armour
 c - a +0 kite shield
 g - a +0 scale mail (worn)
 k - a +0 helmet (worn)
 n - a +0 buckler (worn)
 q - a +2 pair of boots of rampaging (worn)
Jewellery
 h - a ring of poison resistance (left hand)
 m - a ring of resist corrosion (right hand)
Wands
 d - a wand of acid (7)
Scrolls
 f - 2 scrolls of teleportation
 l - 3 scrolls of identify
Potions
 i - a potion of heal wounds
 j - a potion of curing
 o - a potion of attraction
 p - a potion of haste


   Skills:
 + Level 3.4 Fighting
 * Level 4.8 Short Blades
 + Level 3.3 Slings
 + Level 4.3 Armour
 + Level 4.3 Shields
 * Level 3.9 Invocations
 * Level 3.2 Evocations


You had 6 spell levels left.
You didn't know any spells.
Your spell library was empty.

Dungeon Overview and Level Annotations

Branches:
Dungeon (5/15)             Temple (1/1) D:4           Sewer (visited)

Altars:
Dithmenos
Elyvilon
Fedhas
Gozag
Hepliaklqana
Kikubaaqudgha
Makhleb
Okawaru
Ru
Sif Muna
Trog
Uskayaw
Wu Jian
The Shining One

Shops:
D:5 [


Innate Abilities, Weirdness & Mutations

You are small and have problems with some larger weapons.
You are somewhat resistant to further mutation.


Message History

You closely miss the shadow imp.
You feel sick. You block the shadow imp's attack.
You puncture the shadow imp!
The shadow imp is heavily wounded.
The shadow imp closely misses you.
You barely miss the shadow imp.
The shadow imp is heavily wounded.
You feel sick.
The shadow imp hits you but does no damage.
You barely miss the shadow imp.
The shadow imp is heavily wounded.
The shadow imp hits you but does no damage.
You hit the shadow imp.
The shadow imp is severely wounded.
You feel sick.
You hit the shadow imp but do no damage.
The shadow imp is severely wounded.
The shadow imp gestures at you. Pain shoots through your body!
You die...

...#.#.#..##..........#
..........####.....##..
...........####........
.......................
.......................
.......................
.......∩........#.#....
......................#
.###....@.......#.#..##
#.#.#.#5####........#
........####.....####
#...#.#...S.....
###.............
#.....$..)....
####.#....#... ..#....#
.. ##.#..... .


You could see a shadow imp.

Vanquished Creatures
  A water moccasin (D:5)
  Purgy (Sewer)
  An ice beast (D:5)
  An ogre (D:5)
  A hound (D:4)
  An orc priest (D:3)
  An orc wizard (D:3)
  A bullfrog skeleton (D:4)
  A worker ant (D:4)
  7 adders
  A river rat (D:4)
  A worm (D:4)
  A dart slug (D:3)
  4 leopard geckos
  11 orcs
  A ball python (D:1)
  A giant cockroach (D:4)
  8 goblins
  6 hobgoblins
  9 jackals
  2 quokkas
  8 bats
  4 frilled lizards
  16 kobolds
  10 rats
99 creatures vanquished.

Notes
Turn   | Place    | Note
-------+----------+-------------------------------------------
     0 | D:1      | Gadfly the Halfling Fighter began the quest for the Orb.
     0 | D:1      | Reached XP level 1. HP: 15/15 MP: 1/1
   127 | D:1      | Reached XP level 2. HP: 15/20 MP: 2/2
   621 | D:1      | Reached skill level 1 in Invocations
   621 | D:1      | Reached XP level 3. HP: 25/25 MP: 3/3
   842 | D:2      | Found a shadowy altar of Dithmenos.
   892 | D:2      | Reached skill level 1 in Evocations
   988 | D:2      | Reached skill level 1 in Slings
  1057 | D:2      | Reached XP level 4. HP: 29/30 MP: 5/5
  1623 | D:3      | Reached XP level 5. HP: 36/36 MP: 6/6
  2172 | D:3      | Found a glowing golden altar of the Shining One.
  2172 | D:3      | Found a sacrificial altar of Ru.
  2393 | D:3      | Reached XP level 6. HP: 42/42 MP: 7/7
  3103 | D:4      | Found a staircase to the Ecumenical Temple.
  3110 | Temple   | Entered the Ecumenical Temple
  3419 | D:4      | Found a glowing drain.
  3423 | Sewer    | Entered a sewer
  3546 | Sewer    | Noticed Purgy
  3557 | Sewer    | Killed Purgy
  3558 | Sewer    | Reached XP level 7. HP: 29/46 MP: 9/9
  4244 | D:5      | Entered Level 5 of the Dungeon
  4526 | D:5      | Found an iron altar of Okawaru.
  4563 | D:5      | Found Nuleb's Antique Armour Boutique.
  4589 | D:5      | Became a worshipper of Warmaster Okawaru
  4617 | D:5      | Bought a pair of runed boots for 165 gold pieces
  4625 | D:5      | Noticed a water moccasin
  4649 | D:5      | Killed a water moccasin
  4656 | D:5      | Killed from afar by a shadow imp

Illustrated notes

Levels and vault maps discovered:
D:1:      dpeg_arrival_yet_another_circle, layout_basic
D:2:      layout_basic, lemuel_crystal_altar, serial_glass, glass_columns_c,
          glass_columns_a, glass_columns_a
D:3:      layout_loops_corners, grunt_temple_overflow_open
D:4:      layout_gridville, temple_fountains, gup_sewer_entry_bowl
D:5:      layout_cave_pools, marbit_many_paths, serial_shops, shop,
          gammafunk_ghost_stat_death, serial_glass, glass_columns_c,
          glass_columns_a, glass_columns_c, glass_columns_a, glass_columns_a,
          glass_columns_a, glass_columns_b, glass_columns_c, glass_columns_b,
          glass_columns_a, minmay_misc_feat_encased, uniq_duvessa
Temple:   eino_temple_lava

Skill      XL: |  1  2  3  4  5  6  7 |
---------------+----------------------+-----
Invocations    | 1 2 3 |  3.9
Evocations     | 1 2 3 |  3.2
Slings         | 1 2 3 |  3.3
Short Blades   | 3 4 |  4.8
Fighting       | 3 |  3.4
Armour         | 4 |  4.3
Shields        | 4 |  4.3

Action                   |  1- 3 |  4- 6 |  7- 9 || total
-------------------------+-------+-------+-------++-------
Melee: Rapier            |    16 |       |     2 ||    18
       Short sword       |    78 |   183 |    65 ||   326
  Use: Scroll            |     3 |     4 |     1 ||     8
       Potion            |       |     1 |     1 ||     2
Armor: Scale mail        |    32 |    45 |    28 ||   105
Dodge: Dodged            |    30 |    60 |    30 ||   120
Block: Kite shield       |    57 |    49 |       ||   106
       Buckler           |       |    19 |    21 ||    40
